 Dungeon Crawl Stone Soup version 0.24.1-8-ga250c9d538 (webtiles) character file.

Game seed: 3774578386454784295, levelgen mode: deterministic

24 Peloso the Skirmisher (level 2, -3/24 HPs)
             Began as a Demonspawn Fighter on May 8, 2020.
             Slain by Terence
             ... wielding a +0 mace
              (8 damage)
             ... on level 2 of the Dungeon.
             The game lasted 00:03:08 (822 turns).

Peloso the Skirmisher (Demonspawn Fighter)           Turns: 822, Time: 00:03:08

Health: -3/24      AC:  6    Str: 16    XL:     2   Next: 79%
Magic:  2/2        EV:  8    Int:  9    God:
Gold:   57         SH:  8    Dex: 12    Spells: 1/1 levels left

rFire    . . .     SeeInvis .   a - +0 long sword
rCold    . . .     Gourm    .   c - +0 shield
rNeg     . . .     Faith    .   b - +0 scale mail
rPois    .         Spirit   .   (no helmet)
rElec    .         Reflect  .   (no cloak)
rCorr    .         Harm     .   (no gloves)
MR       .....                  (no boots)
Stlth    ..........             (no amulet)
HPRegen  0.08/turn              (no ring)
MPRegen  0.08/turn              (no ring)

@: no status effects
A: repulsion field 1
a: no special abilities


You were on level 2 of the Dungeon.
You were not hungry.

You visited 1 branch of the dungeon, and saw 2 of its levels.

You collected 57 gold pieces.

Inventory:

Hand Weapons
 a - a +0 long sword (weapon)
Armour
 b - a +0 scale mail (worn)
 c - a +0 shield (worn)
Scrolls
 g - a scroll of enchant weapon {unknown}
 h - a scroll of immolation {unknown}
 i - a scroll of amnesia {unknown}
 j - 3 scrolls of remove curse {unknown}
 k - a scroll of blinking {unknown}
 l - a scroll of random uselessness {unknown}
Potions
 d - a potion of might
 e - a potion of curing {unknown}
Comestibles
 f - 2 rations


   Skills:
 + Level 3.3 Fighting
 + Level 2.1 Long Blades
 + Level 2.9 Armour
 + Level 3.0 Shields


You had one spell level left.
You didn't know any spells.
Your spell library was empty.

Dungeon Overview and Level Annotations

Branches:
Dungeon (2/15)

Altars:

Annotations:
D:2 Terence


Innate Abilities, Weirdness & Mutations

You are surrounded by a mild repulsion field. (EV +2)


Message History

Terence shouts!
You hear a shout!
Terence moves out of view.
You now have 57 gold pieces (gained 10).
There is a stone staircase leading up here.
Terence says, "Don't bother to defend, it's useless."
Terence drinks a potion.
Terence goes berserk!
Terence hits you but does no damage.
There is a stone staircase leading up here.
You hit Terence but do no damage. Terence hits you with a +0 mace. x2
You closely miss Terence. You block Terence's attack.
Terence barely misses you.
Your shield and scale mail prevent you from hitting Terence.
You block Terence's attack. Terence hits you with a +0 mace.
Your shield and scale mail prevent you from hitting Terence.
Terence hits you but does no damage.
A goblin comes into view. It is wielding a +0 club.
You barely miss Terence. Terence hits you with a +0 mace!
* * * LOW HITPOINT WARNING * * *
Terence hits you with a +0 mace!
You die...

#....#
.....
#...#
#.%.#
##.%#
#.>.#
#.#.# #
#.# #@#
#@#
#g....@..
########.


You could see Terence (berserk) and a goblin.

Vanquished Creatures
  2 dart slugs (D:1)
  A leopard gecko (D:1)
  2 giant cockroaches (D:1)
  2 goblins (D:1)
  3 hobgoblins (D:1)
  A bat (D:1)
  A frilled lizard (D:1)
  3 kobolds (D:1)
  4 rats (D:1)
19 creatures vanquished.

Notes
Turn   | Place    | Note
-------+----------+-------------------------------------------
     0 | D:1      | Peloso the Demonspawn Fighter began the quest for the Orb.
     0 | D:1      | Reached XP level 1. HP: 18/18 MP: 1/1
   149 | D:1      | Gained mutation: You are surrounded by a mild repulsion
                  | field. (EV +2) [demonic ancestry]
   149 | D:1      | Reached XP level 2. HP: 22/24 MP: 2/2
   809 | D:2      | Noticed Terence
   822 | D:2      | Slain by Terence

Levels and vault maps discovered:
D:1:      minmay_arrival_diagonal_passages, layout_basic, minmay_misc_feat_five,
          corexii_corridor_pit, item_on_display_a
D:2:      layout_loops_ring, first_ration, uniq_terence

Skill      XL: |  1  2 |
---------------+-------+-----
Long Blades    | 2 |  2.1
Shields        | 3 |  3.0
Fighting       | |  3.3
Armour         | |  2.9

Action                   || total
-------------------------++-------
Melee: Long sword        ||    58
Armor: Scale mail        ||    26
Dodge: Dodged            ||    16
Block: Shield            ||    25
       Rpst.: Long sword ||     5
